 Dungeon Sprint DCSS version 0.18.1-50-g88ac8fd (webtiles) character file.

9 Groucho the Chopper (level 2, -6/26 HPs)
             Began as a Minotaur Gladiator on Sept 24, 2016.
             Was an Initiate of Okawaru.
             Mangled by Pikel
             ... wielding a +1 whip of electrocution
              (14 damage)
             ... in the Dungeon (Sprint VII: "The Pits").
             The game lasted 00:01:20 (109 turns).

Groucho the Chopper (Minotaur Gladiator)             Turns: 109, Time: 00:01:21

Health: -6/26      AC:  3    Str: 19    XL:     2   Next: 6%
Magic:  1/1        EV: 12    Int:  5    God:    Okawaru [......]
Gold:   0          SH:  0    Dex: 10    Spells: 0 memorised, 1 level left

rFire  . . .     SeeInvis .     a - +2 hand axe
rCold  . . .     Gourm    .     b - +0 leather armour
rNeg   . . .     Faith    .     (no shield)
rPois  .         Spirit   .     c - +0 hat
rElec  .         Dismiss  .     (no cloak)
rCorr  .         Reflect  .     (no gloves)
SustAt .         Harm     .     (no boots)
MR     .....     NoTele   +     (no amulet)
Stlth  +.........               (no ring)
                                (no ring)

@: very slightly contaminated, hasted, very quick, not resistant to hostile
enchantments, very unstealthy
A: retaliatory headbutt, horns 2
a: Renounce Religion


You were in the Dungeon.
You worshipped Okawaru.
Okawaru was noncommittal.
You were not hungry.

You visited 1 branch

Inventory:

Hand Weapons
 a - a +2 hand axe (weapon)
 m - a +2 mace
Missiles
 d - 3 throwing nets (quivered)
 t - 10 stones
Armour
 b - a +0 leather armour (worn)
 c - a +0 hat (worn)
Scrolls
 k - a scroll of blinking
 q - 3 scrolls of remove curse
 r - 5 scrolls of amnesia
 s - a scroll of summoning
Potions
 e - a potion of curing
 i - 4 potions of magic
 j - 3 potions of berserk rage
 p - 2 potions of invisibility
Comestibles
 f - 8 bread rations
 l - a chunk of flesh
 n - 40 fruits
 o - 7 meat rations


   Skills:
 + Level 3.3 Fighting
 * Level 5.0 Axes
 - Level 2.0 Throwing
 + Level 1.4 Armour
 + Level 3.8 Dodging


You had one spell level left.
You didn't know any spells.

Dungeon Overview and Level Annotations

Branches:
Dungeon (1/1)

Altars:
Ashenzari
Cheibriados
Dithmenos
Elyvilon
Fedhas
Gozag
Kikubaaqudgha
Makhleb
Nemelex Xobeh
Okawaru
Pakellas
Qazlal
Ru
Sif Muna
Trog
Vehumet
Xom
Yredelemnul
Zin
The Shining One
Beogh
Jiyva
Lugonu

Annotations:
D Pikel


Innate Abilities, Weirdness & Mutations

You reflexively headbutt those who attack you in melee.
You have a pair of horns on your head.


Message History

Pikel barely misses you.
The goblin moves out of view.
The slave closely misses you. You furiously retaliate!
You headbutt the slave!
You kill the slave!
That felt strangely unrewarding.
You hit Pikel. You headbutt Pikel!
Pikel is heavily wounded.
Pikel hits you with a whip of electrocution.
Unknown command.
You hit Pikel but do no damage.
Pikel is heavily wounded.
Unknown command.
You hit Pikel. Your headbutt misses Pikel.
Pikel is heavily wounded.
Pikel hits you with a whip of electrocution!
Unknown command.
You slash Pikel!
Pikel is severely wounded.
Pikel hits you with a whip of electrocution!
Ouch! That really hurt!
You die...

#__________#
#_#####'##############
#_#)).'.'..##.........
#_#)))#.#?|##......#..
#######'#####.........
#...........'.........
#+#####'#####......#..
#..#..#..##.........
#.[@..'..#####'#####
##K####+###.......#


#gZ #.......# #.p #.......# ### #...<...# #.......# #.......# #.......#
######### You could see Pikel, a slave, an adder zombie and a goblin.

Vanquished Creatures
  A slave (D)
  An ooze (D)
  A bat (D)
  A quokka (D)
  3 giant newts (D)
7 creatures vanquished.

Notes
Turn   | Place    | Note
--------------------------------------------------------------
     0 | D        | Groucho the Minotaur Gladiator began the quest for the Orb.
     0 | D        | Reached XP level 1. HP: 18/18 MP: 0/0
     9 | D        | Reached skill level 4 in Axes
    57 | D        | Found a sacrificial altar of Ru.
    57 | D        | Found a basalt altar of Yredelemnul.
    57 | D        | Found a shadowy altar of Dithmenos.
    57 | D        | Found a deep blue altar of Sif Muna.
    57 | D        | Found a burning altar of Makhleb.
    57 | D        | Found a shimmering altar of Xom.
    57 | D        | Found an ancient bone altar of Kikubaaqudgha.
    57 | D        | Found a sparkling altar of Nemelex Xobeh.
    58 | D        | Found a glowing golden altar of the Shining One.
    58 | D        | Found a bloodstained altar of Trog.
    58 | D        | Found a shattered altar of Ashenzari.
    58 | D        | Found a white marble altar of Elyvilon.
    58 | D        | Found a snail-covered altar of Cheibriados.
    58 | D        | Found a blossoming altar of Fedhas.
    58 | D        | Found a radiant altar of Vehumet.
    58 | D        | Found a glowing silver altar of Zin.
    58 | D        | Found a corrupted altar of Lugonu.
    58 | D        | Found a viscous altar of Jiyva.
    58 | D        | Found a roughly hewn altar of Beogh.
    58 | D        | Found an iron altar of Okawaru.
    59 | D        | Found an oddly glowing altar of Pakellas.
    64 | D        | Found a stormy altar of Qazlal.
    64 | D        | Found an opulent altar of Gozag.
    67 | D        | Became a worshipper of Warmaster Okawaru
    82 | D        | Reached skill level 1 in Armour
    87 | D        | Reached XP level 2. HP: 26/26 MP: 1/1
    91 | D        | Reached skill level 5 in Axes
    93 | D        | Noticed a slave
    94 | D        | Noticed a slave
   101 | D        | Noticed Pikel
   105 | D        | Killed a slave
   109 | D        | Mangled by Pikel

Skill      XL: |  1  2 |
---------------+-------+-----
Axes           | 4 5 |  5.0
Fighting       | 3 |  3.3
Armour         | 1 |  1.4
Throwing       | |  2.0
Dodging        | |  3.8

Action                   || total
-------------------------++-------
Melee: Hand axe          ||    19
       Headbutt          ||     4
  Use: Potion            ||     2
Armor: Leather armour    ||     1
Dodge: Dodged            ||     9
